 Dungeon Crawl Stone Soup version 0.30-a0-1066-g63dfefce0d (webtiles) character file.

Game seed: 11102102261867821973

81 BlueFish the Charlatan (level 4, -1/28 HPs)
             Began as an Octopode Artificer on Apr 12, 2023.
             Shot with a sling bullet by an orc (11 damage)
             ... on level 3 of the Dungeon.
             The game lasted 00:02:52 (1338 turns).

BlueFish the Charlatan (Octopode Artificer)         Turns: 1338, Time: 00:02:53

Health: -1/28      AC:  1    Str: 13    XL:     4   Next: 42%
Magic:  4/4        EV: 13    Int: 13    God:
Gold:   90         SH:  0    Dex: 12    Spells: 3/3 levels left

rFire   . . .      SeeInvis .    a - +0 whip
rCold   . . .      Faith    .    (no shield)
rNeg    . . .      Spirit   .    (helmet restricted)
rPois   .          Reflect  .    (no amulet)
rElec   .          Rampage  .    (no ring)
rCorr   .                        (no ring)
Will    .....                    (no ring)
Stlth   +++                      (no ring)
HPRegen 0.24/turn                (no ring)
MPRegen 0.09/turn                (no ring)
                                 (no ring)
                                 (no ring)

@: about to teleport
A: almost no armour, amphibious, 8 rings, camouflage 1, gelatinous body 1,
(nimble swimmer 1), tentacles
a: no special abilities


You were on level 3 of the Dungeon.
You visited 1 branch of the dungeon, and saw 3 of its levels.

You collected 90 gold pieces.

Inventory:

Hand Weapons
 a - a +0 whip (weapon)
 q - a +0 club
Missiles
 e - 27 stones
 m - 5 boomerangs
 n - 3 javelins
Wands
 b - a wand of flame (15) (quivered)
 c - a wand of charming (15)
 d - a wand of iceblast (5)
Scrolls
 j - 2 scrolls of fear {unknown}
 l - 2 scrolls of identify {unknown}
 o - 3 scrolls of magic mapping {unknown}
Potions
 g - a potion of curing {unknown}
 h - a potion of ambrosia {unknown}
 i - 2 potions of flight {unknown}
 k - a potion of lignification {unknown}
 p - a potion of heal wounds {unknown}


   Skills:
 + Level 1.5 Fighting
 + Level 1.2 Maces & Flails
 + Level 1.0 Throwing
 + Level 2.7 Dodging
 * Level 3.6 Stealth
 + Level 3.7 Evocations


You had 3 spell levels left.
You didn't know any spells.
Your spell library contained the following spells:

 Spells                   Type           Power      Damage    Failure   Level
 Apportation              Tloc           0%         N/A       30%         1
 Necrotise                Necr           0%         1d4       30%         1
 Summon Small Mammal      Summ           0%         N/A       30%         1
 Scorch                   Fire           0%         2d5       43%         2
 Flame Wave               Conj/Fire      0%         2d4       97%         4
 Summon Cactus Giant      Summ           0%         N/A       100%        6


Dungeon Overview and Level Annotations

Branches:
Dungeon (3/15)

Altars:


Innate Abilities, Weirdness & Mutations

You cannot wear most types of armour.
You are amphibious.
You can wear up to eight rings at the same time.
Your skin changes colour to match your surroundings (Stealth+).
Your rubbery body absorbs attacks. (AC +1, EV +1)
((You are camouflaged when in or above water. (Stealth+)))
You have tentacles for arms and can constrict up to eight enemies at once.


Message History

The orc is almost dead.
The orc hits you with a +0 mace.
You hit the orc but do no damage. Your grab misses the orc.
You squeeze the orc, but do no damage.
The orc is almost dead.
The orc barely misses you.
You hit the orc but do no damage. You grab the orc.
The orc is almost dead.
You constrict the orc.
You kill the orc!
The orc shoots a sling bullet.
The sling bullet barely misses you.
You hear a shout!
The orc shoots a sling bullet.
The sling bullet barely misses you.
Things that are here:
a +0 mace; a +0 leather armour; an orc corpse The orc unwields the +6 sling of the Boiling Point {heavy, Will+ Str+5}.
The orc wields a +3 whip.
The orc closely misses you.
You hit the orc but do no damage. You grab the orc.
You constrict the orc, but do no damage.
The orc closely misses you.
You hit the orc but do no damage.
You constrict the orc, but do no damage.
An orc comes into view. It is wielding a +0 mace.
The orc hits you with a +3 whip.
You hit the orc but do no damage. You squeeze the orc.
The orc is lightly wounded.
You constrict the orc. The orc hits you with a +3 whip.
You completely miss the orc.
The orc is moderately wounded.
You constrict the orc, but do no damage.
The orc escapes!
The orc attacks as you move away! The orc hits you with a +0 mace.
The orc unwields a +3 whip.
The orc wields the +6 sling of the Boiling Point {heavy, Will+ Str+5}.
The orc shoots a sling bullet.
The sling bullet completely misses you.
An orc comes into view. It is wielding a +0 falchion.
As you read the scroll of teleportation, it crumbles to dust.
You feel strangely unstable.
The orc shoots a sling bullet.
The sling bullet hits you!
You die...

##..#...### ##.###...## #
# ##.#####..## ####
...##...## ##..#######...
..........###...........##
..............#..##.....#
...........#####.....#####
...........# ####†.# #
.........@)######....# ♣
#...##...#oo##...†##.# ♣
#### #o####..#.#####.# ♣
#. ....# #.# ## #...# #.#
###... #.. .... .. ###


You could see 3 orcs.

Vanquished Creatures
  A howler monkey (D:3)
  An adder (D:3)
  A worm (D:3)
  An orc (D:3)
  3 ball pythons
  4 endoplasms (D:2)
  A giant cockroach (D:2)
  2 goblins (D:1)
  3 hobgoblins
  3 jackals (D:2)
  2 kobolds
  A quokka (D:2)
  A bat (D:1)
  3 rats
27 creatures vanquished.

Notes
Turn   | Place    | Note
-------+----------+-------------------------------------------
     0 | D:1      | BlueFish the Octopode Artificer began the quest for the
                  | Orb.
     0 | D:1      | Reached XP level 1. HP: 13/13 MP: 1/1
     8 | D:1      | Noticed a redback
     8 | D:1      | Noticed a swamp drake
     8 | D:1      | Noticed a hog
     9 | D:1      | Noticed a black bear
     9 | D:1      | Noticed a salamander
   530 | D:1      | Reached XP level 2. HP: 13/18 MP: 2/2
  1033 | D:2      | Reached XP level 3. HP: 20/23 MP: 3/3
  1235 | D:3      | Reached skill level 1 in Maces & Flails
  1235 | D:3      | Reached XP level 4. HP: 18/28 MP: 4/4
  1248 | D:3      | Reached skill level 1 in Throwing
  1325 | D:3      | Identified the +6 sling of the Boiling Point {heavy, Will+
                  | Str+5}
  1338 | D:3      | Shot with a sling bullet by an orc

Illustrated notes

Levels and vault maps discovered:
D:1:      onia_arrival_zoo_common, layout_basic
D:2:      wad_lake_hut, layout_loops_cross, st_stairs_6
D:3:      layout_rooms, lemuel_doored_altar, grunt_dithmenos_smoke,
          uniq_crazy_yiuf_cottage

Skill      XL: |  1  2  3  4 |
---------------+-------------+-----
Stealth        | 2 3 |  3.6
Maces & Flails | 1 |  1.2
Throwing       | 1 |  1.0
Fighting       | |  1.5
Dodging        | |  2.7
Evocations     | |  3.7

Action                     |  1- 3 |  4- 6 || total
---------------------------+-------+-------++-------
  Melee: Club              |    49 |     2 ||    51
         Constrict         |    12 |     3 ||    15
         Tentacles         |    13 |     4 ||    17
         Punch             |     1 |       ||     1
         Whip              |       |    10 ||    10
    Use: Scroll            |     1 |     1 ||     2
   Stab: Sleeping          |    10 |       ||    10
 Armour: Skin              |     3 |       ||     3
  Dodge: Dodged            |    29 |     9 ||    38

Table legend: (Time is in decaauts)
 A = Elapsed time spent in this place.
 B = Non-inter-level travel time spent in this place.
 C = Inter-level travel time spent in this place.
 D = Time resting spent in this place.
 E = Time spent auto-exploring this place.
 F = Levels seen in this place.
 G = Mean time per level.
                   A        B        C        D        E       F      G
               +--------+--------+--------+--------+--------+-----+--------+
         Total |   1349 |   1299 |     50 |      0 |   1083 |   3 |  449.7 |
       Dungeon |   1349 |   1299 |     50 |      0 |   1083 |   3 |  449.7 |
               +--------+--------+--------+--------+--------+-----+--------+

Top non-repeatable levels by time:
     D:1: 602 daAuts
     D:2: 540 daAuts
     D:3: 206 daAuts
